 Dungeon Crawl Stone Soup version 0.26.0-7-g794d0892b4 (webtiles) character file.

Game seed: 3912258043896036715

7009 Gauvater the Cleaver (level 11, -9/84 HPs)
             Began as a Formicid Fighter on Jan 12, 2021.
             Was an Elder of Zin.
             Mangled by Snorg (17 damage)
             ... on level 1 of the Orcish Mines.
             The game lasted 01:00:18 (12579 turns).

Gauvater the Cleaver (Formicid Fighter)            Turns: 12579, Time: 01:00:18

Health: -9/84      AC: 11    Str: 23    XL:     11   Next: 29%
Magic:  15/15      EV: 11    Int:  9    God:    Zin [****..]
Gold:   446        SH: 11    Dex: 10    Spells: 10/10 levels left

rFire    x . .     SeeInvis +   d - +3 arbalest (flame)
rCold    + . .     Faith    .   c - +0 kite shield
rNeg     + . .     Spirit   .   J - +2 ring mail {Will+}
rPois    .         Reflect  .   (helmet unavailable)
rElec    .         Harm     .   (no cloak)
rCorr    .         Rampage  .   x - +0 pair of gloves
Will     ++...                  p - +0 pair of boots
Stlth    +.........             D - amulet of magic regeneration
HPRegen  0.24/turn              P - ring of ice
MPRegen  0.39/turn              E - ring of positive energy

@: no status effects
A: permanent stasis, dig shafts and tunnels, four strong arms, antennae 3
a: Dig, Shaft Self, Renounce Religion, Recite, Vitalisation, Imprison, Donate
Gold


You were on level 1 of the Orcish Mines.
You worshipped Zin.
Zin was greatly pleased with you.
You visited 3 branches of the dungeon, and saw 12 of its levels.

You collected 786 gold pieces.
You spent 262 gold pieces at shops.
You donated 78 gold pieces to Zin.

Inventory:

Hand Weapons
 a - a +0 battleaxe
 d - a +3 arbalest of flaming (weapon)
 s - a +0 hand crossbow of flaming
 v - a +1 antimagic trident
 L - a +0 war axe
Missiles
 j - 33 poisoned darts
 q - 343 stones
 w - 6 silver boomerangs
 z - 85 sling bullets
 B - 98 arrows
 F - 15 bolts (quivered ammo)
 H - 8 boomerangs
 O - 3 silver javelins
Armour
 c - a +0 kite shield (worn)
 p - a +0 pair of boots (worn)
 x - a +0 pair of gloves (worn)
 J - a +2 ring mail of willpower (worn)
Jewellery
 C - an uncursed ring of wizardry
 D - an amulet of magic regeneration (around neck)
 E - a ring of positive energy (right hand)
 P - a ring of ice (left hand)
Wands
 y - a wand of iceblast (10)
 I - a wand of disintegration (9)
 M - a wand of flame (27)
Scrolls
 e - a scroll of magic mapping {unknown}
 h - 3 scrolls of noise {unknown}
 i - a scroll of enchant weapon {unknown}
 k - 4 scrolls of amnesia {unknown}
 m - 2 scrolls of fog
 G - 3 scrolls of remove curse
 N - a scroll of enchant armour {unknown}
 Q - a scroll of identify
Potions
 b - a potion of mutation {unknown}
 f - 2 potions of lignification {unknown}
 g - 2 potions of curing {unknown}
 n - a potion of degeneration {unknown}
 o - a potion of berserk rage {unknown}
 r - 2 potions of magic
 t - a potion of brilliance {unknown}
 u - 3 potions of flight
 A - a potion of invisibility
 K - a potion of resistance {unknown}


   Skills:
 + Level 7.0 Fighting
 + Level 10.4 Axes
 * Level 3.5 Crossbows
 + Level 2.4 Throwing
 + Level 7.5 Armour
 + Level 2.3 Dodging
 - Level 1.0 Stealth
 + Level 8.5 Shields
 * Level 6.4 Invocations


You had 10 spell levels left.
You didn't know any spells.
Your spell library contained the following spells:

 Spells                   Type           Power        Failure   Level
 Shock                    Conj/Air       0%           54%         1
 Static Discharge         Conj/Air       0%           89%         3
 Airstrike                Air            0%           100%        4
 Lightning Bolt           Conj/Air       0%           100%        5
 Swiftness                Air            Unusable     N/A         2

Dungeon Overview and Level Annotations

Branches:
Dungeon (10/15)            Temple (1/1) D:4             Orc (1/2) D:10
   Lair: D:8-11

Altars:
Ashenzari
Cheibriados
Dithmenos
Elyvilon
Fedhas
Gozag
Hepliaklqana
Kikubaaqudgha
Makhleb
Nemelex Xobeh
Okawaru
Qazlal
Ru
Sif Muna
Trog
Uskayaw
Vehumet
Wu Jian
Xom
Yredelemnul
Zin
The Shining One

Shops:
D:9 (   D:10 (

Annotations:
D:6 3 runed translucent doors, Necrophagist's ghost, novice TeCj
Orc:1 Snorg


Innate Abilities, Weirdness & Mutations

You cannot be hasted, slowed, berserked, paralysed or teleported.
You can dig through walls and to a lower floor.
Your four strong arms can wield two-handed weapons with a shield.
You have a pair of large antennae on your head. (SInv)


Message History

Aim: Snorg (heavily wounded, berserk)
You shoot a bolt. The bolt barely misses Snorg.
You block Snorg's attack. Snorg claws you. Snorg claws you!
You block Snorg's attack. Snorg claws you! Snorg claws you. Snorg bites you!
Snorg claws you!!
* * * LOW HITPOINT WARNING * * *
Snorg claws you!
* * * LOW HITPOINT WARNING * * *
You feel much better. You block Snorg's attack. Snorg claws you.
You block Snorg's attack. You block Snorg's attack.
Snorg claws you but does no damage. Snorg claws you!!
* * * LOW HITPOINT WARNING * * *
You feel much better. You block Snorg's attack. Snorg claws you!
* * * LOW HITPOINT WARNING * * *
Snorg claws you!
* * * LOW HITPOINT WARNING * * *
Snorg bites you but does no damage. Snorg claws you but does no damage.
You block Snorg's attack. Snorg bites you!
You die...

...# ### ## .... ##.# #.#
#### ####..## #.## #
#.##...# ..... ####
##.....########.....
.#.###.......#.##........
............>............
..(.(.........(...(.(.#
#.......####...T@....##
#.......####........##
.........##$....#.....#
...##....###....#......#
....##........###........
...###........###.#......
..## ##........#####.....
..# #.......## ##.. ###
##.#...##


You could see Snorg (berserk).

Vanquished Creatures
  A two-headed ogre (D:8)
  A centaur zombie (D:8)
  Psyche (D:10)
  2 trolls
  3 sky beasts
  3 necrophages
  3 eyes of draining (D:3)
  3 ice beasts
  3 orc warriors
  A black bear (D:10)
  A centaur (D:6)
  10 ogres
  A big kobold (D:8)
  9 bullfrogs
  A wyvern skeleton (D:9)
  2 scorpions
  3 wights (D:7)
  4 howler monkeys (D:9)
  3 crimson imps
  A bullfrog zombie (D:5)
  A centaur skeleton (D:4)
  8 orc priests
  2 bullfrog skeletons
  6 hounds
  3 jellies
  3 iguanas
  Jessica (D:2)
  11 orc wizards
  Natasha (D:2)
  13 worker ants
  2 hound skeletons
  Robin (D:3)
  5 gnolls
  8 adders
  A howler monkey skeleton (D:3)
  A white imp (D:10)
  3 ufetubi
  An ooze (D:6)
  An adder zombie (D:6)
  An adder skeleton (D:4)
  5 worms
  3 dart slugs (D:2)
  4 leopard geckos
  35 orcs
  A ball python (D:4)
  4 bats
  7 giant cockroaches
  11 goblins
  13 hobgoblins
  15 jackals
  9 kobolds
  8 quokkas
  2 frilled lizards (D:4)
  A leopard gecko zombie (D:8)
  5 rats
252 creatures vanquished.

Notes
Turn   | Place    | Note
-------+----------+-------------------------------------------
     0 | D:1      | Gauvater the Formicid Fighter began the quest for the Orb.
     0 | D:1      | Reached XP level 1. HP: 18/18 MP: 1/1
    96 | D:1      | Reached XP level 2. HP: 24/24 MP: 2/2
   281 | D:1      | You fall into a shaft and drop 1 floor!
   364 | D:2      | Reached XP level 3. HP: 29/29 MP: 3/3
   368 | D:2      | Found a burning altar of Makhleb.
   462 | D:2      | Noticed Natasha
   467 | D:2      | Killed Natasha
   489 | D:2      | Reached XP level 4. HP: 37/37 MP: 4/4
   963 | D:2      | Noticed Jessica
   970 | D:2      | Killed Jessica
   971 | D:2      | Reached skill level 3 in Axes
   971 | D:2      | Reached XP level 5. HP: 31/42 MP: 5/5
  1403 | D:3      | HP: 2/42 [iguana (6)]
  2511 | D:3      | Reached XP level 6. HP: 48/48 MP: 6/6
  2547 | D:3      | Noticed Robin
  2555 | D:3      | Killed Robin
  2574 | D:3      | Noticed an eye of draining
  2591 | D:3      | Noticed an eye of draining
  2598 | D:3      | Killed an eye of draining
  2599 | D:3      | Reached skill level 4 in Axes
  2686 | D:3      | Found a shimmering altar of Xom.
  2707 | D:3      | Noticed an eye of draining
  2708 | D:3      | Found a bloodstained altar of Trog.
  2715 | D:3      | Killed an eye of draining
  2716 | D:3      | Reached skill level 5 in Axes
  2716 | D:3      | Reached XP level 7. HP: 54/54 MP: 1/7
  2720 | D:3      | Reached skill level 5 in Shields
  2897 | D:3      | Reached skill level 5 in Armour
  3076 | D:4      | Found an ancient bone altar of Kikubaaqudgha.
  3320 | D:4      | Found a blossoming altar of Fedhas.
  3374 | D:4      | Reached XP level 8. HP: 54/61 MP: 8/8
  3740 | D:4      | Found a staircase to the Ecumenical Temple.
  3874 | D:4      | Reached skill level 6 in Axes
  4016 | D:5      | Entered Level 5 of the Dungeon
  4020 | D:5      | Found a radiant altar of Vehumet.
  4021 | D:5      | Found a hide-covered altar of Uskayaw.
  4363 | D:5      | Reached skill level 5 in Fighting
  4604 | D:5      | Noticed a troll
  4704 | D:5      | Reached skill level 1 in Dodging
  4801 | D:5      | Reached skill level 1 in Stealth
  4996 | D:6      | Found a sacrificial altar of Ru.
  5057 | D:6      | Reached skill level 7 in Axes
  5059 | D:6      | Reached XP level 9. HP: 67/68 MP: 9/9
  5116 | D:6      | Found a runed translucent gate.
  5116 | D:6      | Found a runed translucent gate.
  5122 | D:6      | Found a runed translucent gate.
  5122 | D:6      | Noticed Necrophagist's ghost (novice TeCj)
  5686 | D:6      | Reached skill level 1 in Throwing
  6451 | Temple   | Entered the Ecumenical Temple
  7011 | Temple   | Became a worshipper of Zin the Law-Giver
  7011 | Temple   | Reached * piety under Zin
  7184 | D:7      | Reached skill level 8 in Axes
  7187 | D:7      | Reached skill level 1 in Invocations
  7650 | D:7      | Found a snail-covered altar of Cheibriados.
  7926 | D:7      | Found a sparkling altar of Nemelex Xobeh.
  8442 | D:8      | Reached skill level 9 in Axes
  8442 | D:8      | Reached XP level 10. HP: 70/76 MP: 12/12
  8491 | D:8      | Reached ** piety under Zin
  9031 | D:8      | Noticed a two-headed ogre
  9494 | D:8      | Killed a two-headed ogre
  9575 | D:8      | Found a stormy altar of Qazlal.
 10084 | D:9      | Reached skill level 5 in Invocations
 10208 | D:9      | Reached skill level 1 in Crossbows
 10449 | D:9      | Reached *** piety under Zin
 10707 | D:9      | Found a hazy altar of Hepliaklqana.
 11012 | D:9      | Found Odob's Antique Weapon Emporium.
 11019 | D:9      | Bought a runed arbalest for 262 gold pieces
 11059 | D:10     | Entered Level 10 of the Dungeon
 11101 | D:10     | Reached skill level 10 in Axes
 11109 | D:10     | Found a staircase to the Orcish Mines.
 11109 | D:10     | Noticed Psyche
 11119 | D:10     | Killed Psyche
 11120 | D:10     | Reached XP level 11. HP: 67/83 MP: 15/15
 11551 | D:10     | Found Fayn's Antique Weapon Boutique.
 11627 | Orc:1    | Entered Level 1 of the Orcish Mines
 11925 | Orc:1    | Reached **** piety under Zin
 12522 | Orc:1    | Noticed Snorg
 12573 | Orc:1    | HP: 3/84 [Snorg (8)]
 12579 | Orc:1    | Mangled by Snorg

Illustrated notes

Levels and vault maps discovered:
D:1:      matt_arrival_refuge, layout_loops_ring
D:2:      layout_loops_ring, lemuel_crystal_altar, minmay_misc_feat_diagonals,
          uniq_jessica, uniq_natasha
D:3:      layout_basic, led_xom_imps, trog_eyes_of_draining, uniq_robin
D:4:      layout_gridville, kiku_gazebo_pond_becter, fedhas_altar_3,
          temple_green, kennysheep_generic_room_15
D:5:      layout_loops_ring, grunt_temple_overflow_open,
          chequers_serial_rivers_room_a, kennysheep_cluttered_room,
          minmay_fire_ice_demons
D:6:      layout_basic, nicolae_overflow_crystal_walls,
          gammafunk_ghost_necromancy
D:7:      layout_loops_ring, general_overflow_altar, lemuel_round_altar
D:8:      layout_rooms, grunt_qazlal_sundering
D:9:      layout_long_grid, nicolae_overflow_hidden_temple, serial_shops, shop
D:10:     layout_basic, orc_0_dummy, serial_shops, shop, uniq_psyche
Temple:   minmay_temple_curvy_loop
Orc:1:    lemuel_ogre_cave, layout_diamond_mine, uniq_snorg

Skill      XL: |  1  2  3  4  5  6  7  8  9 10 11 |
---------------+----------------------------------+-----
Shields        | 4 5 6 7 8 |  8.5
Axes           | 3 5 7 9 10 | 10.4
Armour         | 4 5 6 7 |  7.5
Fighting       | 4 5 6 7 |  7.0
Dodging        | 1 2 |  2.3
Stealth        | 1 |  1.0
Throwing       | 1 2 |  2.4
Invocations    | 3 5 6 |  6.4
Crossbows      | 2 3 |  3.5

Action                   |  1- 3 |  4- 6 |  7- 9 | 10-12 || total
-------------------------+-------+-------+-------+-------++-------
Melee: War axe           |    62 |   178 |   419 |    53 ||   712
       Battleaxe         |       |       |       |   178 ||   178
 Fire: Hand crossbow     |       |       |       |    26 ||    26
       Arbalest          |       |       |       |    43 ||    43
Throw: Dart              |       |       |    13 |    35 ||    48
       Stone             |       |       |       |     2 ||     2
Invok: Recite            |       |       |     2 |     2 ||     4
       Vitalisation      |       |       |       |     1 ||     1
 Abil: Dig               |       |     2 |     4 |     1 ||     7
  Use: Potion            |       |     1 |     1 |     2 ||     4
       Scroll            |       |       |     7 |     2 ||     9
Armor: Scale mail        |    44 |    28 |       |       ||    72
       Chain mail        |       |    25 |   188 |    37 ||   250
       Ring mail         |       |       |       |    61 ||    61
Dodge: Dodged            |    23 |    49 |   113 |   112 ||   297
Block: Kite shield       |    37 |    98 |   211 |   177 ||   523
